[Event "GER-chW 2019"]
[Site "Magdeburg"]
[Date "2019.05.28"]
[Round "4.7"]
[White "Erofeev, Anastasia"]
[Black "Zimmer, Elke"]
[Result "1-0"]
[ECO "A41"]
[WhiteElo "2003"]
[BlackElo "1926"]
[Annotator "NA"]
[PlyCount "101"]
[EventDate "2019.05.26"]
[EventType "tourn"]
[EventCountry "GER"]
[SourceTitle "playchess.com"]
[Source "ChessBase"]
[SourceQuality "1"]
[TimeControl "40/5400+30:1800+30"]

1. d4 d6 2. c4 g6 3. g3 Bg7 4. Bg2 Nf6 5. Nc3 O-O 6. Nf3 c6 7. O-O Be6 8. b3 d5 9. cxd5 cxd5 10. Bf4 Nh5 11. Be3 h6 12. Ne5 Nc6 13. Nxc6 bxc6 14. Qd2 Kh7 15. Na4 Nf6 16. Nc5 Bc8 17. h3 Nd7 18. Rac1 Nxc5 19. Rxc5 Bd7 20. Rfc1 a5 21. Kh2 Re8 22. Bf4 g5 23. Qd3+ Kg8 24. Bd2 e6 25. e4 Bf8 26. R5c2 Bb4 27. Be3 Qe7 28. e5 Reb8 29. f4 a4 30. fxg5 hxg5 31. Rf1 axb3 32. axb3 c5 33. Rf6 Bb5 34. Qd1 Kf8 35. Qh5 Ke8 36. Rcf2 cxd4 37. Bxd4 Rb7 38. Rxf7 Qxf7 39. Qh8+ Qf8 40. Rxf8+ Bxf8 41. Qg8 Rf7 42. Qg6 Ra6 43. Bf3 Ra2+ 44. Kh1 Be2 45. Qxe6+ Be7 46. Qc8+ Bd8 47. Qe6+ Be7 48. Qc6+ Kf8 49. Qc8+ Kg7 50. e6+ Bf6 51. Bxe2 1-0

[Event "GER-chW 2019"]
[Site "Magdeburg"]
[Date "2019.05.28"]
[Round "4.8"]
[White "Lowke, Kathrin"]
[Black "Braun, Kristin"]
[Result "1/2-1/2"]
[ECO "B78"]
[WhiteElo "1887"]
[BlackElo "1895"]
[Annotator "NA"]
[PlyCount "62"]
[EventDate "2019.05.26"]
[EventType "tourn"]
[EventCountry "GER"]
[SourceTitle "playchess.com"]
[Source "ChessBase"]
[SourceQuality "1"]
[TimeControl "40/5400+30:1800+30"]

1. e4 c5 2. Nf3 d6 3. d4 cxd4 4. Nxd4 Nf6 5. Nc3 g6 6. f3 Bg7 7. Be3 Nc6 8. Qd2 O-O 9. Bc4 Bd7 10. O-O-O Rc8 11. Bb3 Ne5 12. h4 h5 13. Bh6 Qa5 14. Bxg7 Kxg7 15. Kb1 Nc4 16. Bxc4 Rxc4 17. Nb3 Qb4 18. Qg5 Rfc8 19. Rd2 Be6 20. Re1 Rxc3 21. bxc3 Rxc3 22. Red1 a5 23. Rd4 Qb6 24. Qd2 Rc5 25. Ka1 Rb5 26. Ra4 Bxb3 27. cxb3 Rc5 28. b4 axb4 29. Rxb4 Qc6 30. Rb2 Nd7 31. Rdb1 b6 1/2-1/2

[Event "GER-chW 2019"]
[Site "Magdeburg"]
[Date "2019.05.28"]
[Round "4.9"]
[White "Perez Celis, Alba"]
[Black "Ley, Sabrina"]
[Result "1/2-1/2"]
[ECO "B23"]
[WhiteElo "1822"]
[BlackElo "1870"]
[Annotator "NA"]
[PlyCount "85"]
[EventDate "2019.05.26"]
[EventType "tourn"]
[EventCountry "GER"]
[SourceTitle "playchess.com"]
[Source "ChessBase"]
[SourceQuality "1"]
[TimeControl "40/5400+30:1800+30"]

1. e4 c5 2. Nc3 a6 3. g3 b5 4. Bg2 Bb7 5. a3 e6 6. Nge2 d5 7. exd5 exd5 8. d4 b4 9. axb4 cxb4 10. Na4 Nd7 11. O-O Ngf6 12. c4 bxc3 13. Naxc3 Be7 14. Bg5 O-O 15. Nf4 Nb6 16. Re1 h6 17. Bxf6 Bxf6 18. Qd3 Qd6 19. Rad1 Rfd8 20. Nh5 Nc4 21. Qf3 Be7 22. Qg4 Bf8 23. Nxd5 Bxd5 24. Bxd5 Rac8 25. b3 Na5 26. Bxf7+ Kxf7 27. Qf5+ Kg8 28. Qxa5 Rb8 29. Nf4 Rxb3 30. Qa2 Qa3 31. Qe2 Rb2 32. Qc4+ Kh7 33. Rd3 Qa2 34. Qxa2 Rxa2 35. d5 Bd6 36. Ne6 Rb8 37. Nd4 Rbb2 38. Rf1 Rd2 39. Rxd2 Rxd2 40. Nb3 Rxd5 41. Ra1 Rb5 42. Rxa6 Bxg3 43. hxg3 1/2-1/2

[Event "GER-chW 2019"]
[Site "Magdeburg"]
[Date "2019.05.28"]
[Round "4.10"]
[White "Bashylina, Luisa"]
[Black "Ries, Jutta"]
[Result "0-1"]
[ECO "B02"]
[WhiteElo "1812"]
[BlackElo "2017"]
[Annotator "NA"]
[PlyCount "56"]
[EventDate "2019.05.26"]
[EventType "tourn"]
[EventCountry "GER"]
[SourceTitle "playchess.com"]
[Source "ChessBase"]
[SourceQuality "1"]
[TimeControl "40/5400+30:1800+30"]

1. e4 Nf6 2. e5 Nd5 3. Nc3 e6 4. Nxd5 exd5 5. d4 d6 6. exd6 Bxd6 7. Bd3 Nc6 8. Be3 Nb4 9. Ne2 Nxd3+ 10. Qxd3 Qf6 11. O-O c6 12. Rfe1 Be6 13. Qd2 h6 14. Bf4 O-O-O 15. Bxd6 Rxd6 16. b4 g5 17. a4 h5 18. b5 h4 19. Qb4 Rd7 20. bxc6 bxc6 21. Rab1 Rc7 22. Qa5 h3 23. Qa6+ Kd8 24. Rb8+ Bc8 25. Qd3 hxg2 26. Nc1 Qf4 27. Qg3 Qxg3 28. hxg3 Rh1+ 0-1

[Event "GER-chW 2019"]
[Site "Magdeburg"]
[Date "2019.05.29"]
[Round "5.2"]
[White "Schulze, Lara"]
[Black "Schmidt, Jade"]
[Result "1-0"]
[ECO "C10"]
[WhiteElo "2160"]
[BlackElo "2062"]
[Annotator "ChessBase"]
[PlyCount "61"]
[EventDate "2019.05.26"]
[EventType "tourn"]
[EventCountry "GER"]
[SourceTitle "playchess.com"]
[Source "ChessBase"]
[SourceQuality "1"]
[TimeControl "40/5400+30:1800+30"]

1. e4 e6 2. d4 d5 3. Nd2 dxe4 4. Nxe4 Bd7 5. Nf3 Bc6 6. Bd3 Nd7 7. O-O Ngf6 8. Ng3 Bxf3 9. Qxf3 c6 10. Re1 Be7 11. c4 O-O 12. b3 Re8 13. Bb2 Bd6 14. Ne4 Nxe4 15. Qxe4 g6 16. Rad1 Nf6 17. Qf3 Nh5 18. Bf1 Qc7 19. g3 Bf8 20. d5 exd5 21. Rxe8 Rxe8 22. cxd5 cxd5 23. Qxd5 Ng7 24. Rc1 Qe7 25. Qd4 b6 26. h4 Qd6 27. Qc3 Rd8 28. Bc4 Qd2 29. Qf6 Qd6 30. Qxf7+ Kh8 31. Qg8# 1-0

[Event "GER-chW 2019"]
[Site "Magdeburg"]
[Date "2019.05.29"]
[Round "5.3"]
[White "Mehling, Katharina"]
[Black "Burchardt, Brigitte"]
[Result "1-0"]
[ECO "B94"]
[WhiteElo "1974"]
[BlackElo "2094"]
[Annotator "NA"]
[PlyCount "105"]
[EventDate "2019.05.26"]
[EventType "tourn"]
[EventCountry "GER"]
[SourceTitle "playchess.com"]
[Source "ChessBase"]
[SourceQuality "1"]
[TimeControl "40/5400+30:1800+30"]

1. e4 c5 2. Nf3 d6 3. d4 cxd4 4. Nxd4 Nf6 5. Nc3 a6 6. Bg5 Nbd7 7. Qe2 e6 8. O-O-O Be7 9. f4 O-O 10. g4 Qc7 11. Bg2 {[%emt 0:02:45] B98: Sicilian Najdorf: 6 Bg5 e6 7 f4 Be7, sidelines} Nb6 12. h4 Rd8 $146 ({Predecessor:} 12... Nc4 13. Rh3 Kh8 14. b3 Na5 15. e5 dxe5 16. fxe5 Ba3+ 17. Kb1 Nd7 18. h5 h6 19. Bf4 Be7 20. Ne4 Nxe5 21. g5 f6 22. gxh6 gxh6 23. Rg3 {1-0 (23) Shirov,A (2726)-Fercec,N (2481) Kallithea 2008}) 13. f5 Nc4 14. Kb1 Ne5 15. Bxf6 gxf6 16. g5 Bd7 17. Bh3 Qc8 18. Qh5 Kh8 19. Rdf1 Rg8 20. fxe6 fxe6 21. gxf6 Bf8 22. Rhg1 Rxg1 23. Rxg1 Qe8 24. Qg5 Qf7 25. Nce2 Re8 26. c3 Bc6 27. Bg2 $2 (27. Nf4 $18 {has better winning chances.}) 27... h6 28. Qf4 Qh7 29. Nxc6 bxc6 30. Nd4 c5 31. Nf3 Nf7 32. Ka1 e5 33. Qg4 h5 34. Qd7 Rd8 35. Qe6 Nh6 36. Ng5 Qd7 37. Bh3 Qxe6 38. Bxe6 Rb8 39. Kb1 a5 40. Kc2 a4 41. Rg2 d5 42. exd5 Bd6 43. Ne4 Bf8 44. d6 Rd8 45. d7 Ng4 $18 46. Kd3 c4+ 47. Ke2 Rb8 48. Kf3 a3 49. bxa3 Bxa3 50. Rd2 Rd8 51. Bxg4 hxg4+ 52. Kxg4 Bf8 53. Ng5 1-0

[Event "GER-chW 2019"]
[Site "Magdeburg"]
[Date "2019.05.29"]
[Round "5.4"]
[White "Koehler, Inken"]
[Black "Kunze, Kerstin"]
[Result "1/2-1/2"]
[ECO "B24"]
[WhiteElo "1979"]
[BlackElo "2066"]
[Annotator "NA"]
[PlyCount "68"]
[EventDate "2019.05.26"]
[EventType "tourn"]
[EventCountry "GER"]
[SourceTitle "playchess.com"]
[Source "ChessBase"]
[SourceQuality "1"]
[TimeControl "40/5400+30:1800+30"]

1. e4 c5 2. Nc3 Nc6 3. g3 g6 4. Bg2 Bg7 5. d3 Nf6 6. f4 d6 7. Nge2 O-O 8. O-O Rb8 9. Kh1 Bd7 10. Be3 b5 11. Qd2 b4 12. Nd1 Qc8 13. f5 Ng4 14. fxg6 fxg6 15. Bf4 e5 16. Bg5 Rxf1+ 17. Bxf1 h6 18. Be3 Nd4 19. Bg2 Be6 20. Ng1 Qd7 21. h3 Nxe3 22. Nxe3 h5 23. Nd5 Bxd5 24. exd5 Kh7 25. Be4 Nf5 26. Kh2 Bh6 27. Qe2 Rf8 28. Nf3 Kg7 29. Rg1 Be3 30. Rf1 Bh6 31. Rg1 Nd4 32. Nxd4 cxd4 33. Rf1 Rxf1 34. Qxf1 Qa4 1/2-1/2

[Event "GER-chW 2019"]
[Site "Magdeburg"]
[Date "2019.05.29"]
[Round "5.5"]
[White "Kopylov, Luba"]
[Black "Von Herman, Brigitte"]
[Result "0-1"]
[ECO "A40"]
[WhiteElo "2078"]
[BlackElo "2064"]
[Annotator "NA"]
[PlyCount "116"]
[EventDate "2019.05.26"]
[EventType "tourn"]
[EventCountry "GER"]
[SourceTitle "playchess.com"]
[Source "ChessBase"]
[SourceQuality "1"]
[TimeControl "40/5400+30:1800+30"]

1. d4 Nf6 2. c4 e6 3. g3 Bb4+ 4. Bd2 Qe7 5. Bg2 Nc6 6. a3 Bxd2+ {[%emt 0:00:14] E00: Catalan Bogo-Indian (3 g3 Bb4+)} 7. Qxd2 a5 (7... O-O 8. e3 d6 9. Ne2 e5 10. O-O Re8 11. d5 Nb8 12. e4 a5 13. Nbc3 Na6 14. b4 {½-½ (24) Svane,R (2595)-Anand,V (2771) Douglas 2018}) 8. Nc3 d6 9. e4 O-O 10. Nge2 e5 11. d5 Nb8 12. b3 $146 ({Predecessor:} 12. Nb5 a4 13. Qc2 Ra5 14. Nc1 {1-0 (53) Mester,G (2440)-Bednay,D (2301) Hungary 2008}) 12... Na6 13. O-O Nc5 14. Qc2 Bd7 15. b4 Na6 16. Qb1 c6 17. Rd1 axb4 18. axb4 c5 19. bxc5 Nxc5 20. Qb6 Rfc8 21. Ra5 Ne8 22. Rda1 Rxa5 23. Rxa5 Qd8 24. Qxd8 Rxd8 25. f4 f6 26. Kf2 Nc7 27. Ke3 Ra8 28. Rxa8+ Nxa8 29. Nc1 Nc7 30. Nd3 N7a6 31. Nb5 Nxd3 32. Kxd3 Nc5+ 33. Kc3 Bxb5 34. cxb5 b6 35. Kc2 Kf7 36. Bf3 g6 37. fxe5 dxe5 38. g4 Nb7 39. Kc3 Nd6 40. Kb4 Ke7 41. h4 h6 42. Ka4 f5 43. gxf5 gxf5 44. Kb4 Nxe4 45. Bxe4 fxe4 46. h5 Kd7 47. Kc3 Kc7 48. Kd2 Kd6 49. Ke2 Kc5 50. Kd2 Kxb5 51. Ke3 Kc5 52. Kxe4 Kd6 53. Kf5 b5 54. Kg6 b4 55. Kxh6 b3 56. Kg7 b2 57. h6 b1=Q 58. h7 Qh1 0-1

[Event "GER-chW 2019"]
[Site "Magdeburg"]
[Date "2019.05.29"]
[Round "5.6"]
[White "Braun, Kristin"]
[Black "Erofeev, Anastasia"]
[Result "1/2-1/2"]
[ECO "B41"]
[WhiteElo "1895"]
[BlackElo "2003"]
[Annotator "NA"]
[PlyCount "121"]
[EventDate "2019.05.26"]
[EventType "tourn"]
[EventCountry "GER"]
[SourceTitle "playchess.com"]
[Source "ChessBase"]
[SourceQuality "1"]
[TimeControl "40/5400+30:1800+30"]

1. e4 c5 2. Nf3 e6 3. d4 cxd4 4. Nxd4 a6 5. c4 Qc7 6. a3 Nf6 7. Nc3 b6 8. Be2 {B41: Sicilian: Kan Variation: 5 c4} (8. Be3 Bb7 9. f3 d6 10. Rc1 Nbd7 11. Be2 Rc8 12. O-O Be7 13. b4 Qb8 14. Qd2 Bd8 15. Kh1 h5 16. Nb3 {1-0 (36) Karjakin,S (2753)-Smirin,I (2609) St Petersburg 2018}) 8... Bb7 9. Qd3 d6 10. O-O Nbd7 11. Qc2 Be7 12. Be3 O-O 13. Rfd1 Rac8 14. Rac1 Qb8 15. Qb1 Rfe8 16. f3 Bd8 $146 ({Predecessor:} 16... d5 17. cxd5 exd5 {0-1 (40) Erdos,V (2425)-Hoffmann,M (2435) Budapest 2003}) 17. b4 Bc7 18. g3 d5 19. Bd3 $2 (19. cxd5 $11 exd5 20. f4) 19... dxc4 20. Bc2 $2 (20. Bf1 $17) 20... h5 21. Nde2 $19 b5 22. a4 Bc6 23. Nd4 Bb6 24. Kh1 Bxd4 25. Bxd4 e5 26. Be3 Nf8 27. a5 Ne6 28. Nd5 Nd7 29. Rd2 Qb7 30. Rcd1 Rcd8 31. Qb2 Qc8 32. Qc3 Nef8 33. Bf2 Ng6 34. Ne3 Nf6 35. Nd5 Bxd5 36. exd5 Ne7 37. d6 Ng6 38. Bb6 Qb7 39. Bxd8 Rxd8 40. Bxg6 fxg6 41. Kg2 e4 42. Rd4 exf3+ 43. Qxf3 Qxf3+ 44. Kxf3 Ng4 45. h3 Ne5+ 46. Ke3 Nc6 47. Re4 Rd7 48. Kf4 Nxb4 49. Re7 Rxe7 50. dxe7 Kf7 51. Rd6 g5+ 52. Ke3 Kxe7 53. Rg6 Kf7 54. Rxg5 Nc6 55. Rxh5 Nxa5 56. Kd4 Nb7 57. Rd5 Ke6 58. Rg5 Kf6 59. Rd5 Ke6 60. Rg5 Kf6 61. Rd5 1/2-1/2

[Event "GER-chW 2019"]
[Site "Magdeburg"]
[Date "2019.05.29"]
[Round "5.7"]
[White "Zimmer, Elke"]
[Black "Perez Celis, Alba"]
[Result "0-1"]
[ECO "C68"]
[WhiteElo "1926"]
[BlackElo "1822"]
[Annotator "NA"]
[PlyCount "76"]
[EventDate "2019.05.26"]
[EventType "tourn"]
[EventCountry "GER"]
[SourceTitle "playchess.com"]
[Source "ChessBase"]
[SourceQuality "1"]
[TimeControl "40/5400+30:1800+30"]

1. e4 e5 2. Nf3 Nc6 3. Bb5 a6 4. Bxc6 dxc6 5. h3 Be6 6. d3 f6 7. Be3 Qd7 8. a3 Ne7 9. Nc3 Ng6 10. Qd2 Bd6 11. g4 O-O-O 12. Rg1 Nf4 13. Bxf4 exf4 14. Ne2 g5 15. O-O-O h5 16. Ned4 hxg4 17. Nxe6 Qxe6 18. hxg4 Qa2 19. Qc3 Rh3 20. d4 Rxf3 21. Qxf3 Qa1+ 22. Kd2 Qxb2 23. Ke2 Qxc2+ 24. Rd2 Qa4 25. Qd3 Bc5 26. d5 cxd5 27. exd5 Re8+ 28. Kf3 Qxa3 29. Qxa3 Bxa3 30. Rd3 Rh8 31. Kg2 Bd6 32. Rh1 Rxh1 33. Kxh1 b5 34. Kg2 a5 35. Rb3 b4 36. Kf1 a4 37. Rb1 b3 38. Ke2 a3 0-1

[Event "GER-chW 2019"]
[Site "Magdeburg"]
[Date "2019.05.29"]
[Round "5.8"]
[White "Just, Anita"]
[Black "Lowke, Kathrin"]
[Result "1/2-1/2"]
[ECO "B35"]
[WhiteElo "1866"]
[BlackElo "1887"]
[Annotator "NA"]
[PlyCount "82"]
[EventDate "2019.05.26"]
[EventType "tourn"]
[EventCountry "GER"]
[SourceTitle "playchess.com"]
[Source "ChessBase"]
[SourceQuality "1"]
[TimeControl "40/5400+30:1800+30"]

1. e4 c5 2. Nf3 Nc6 3. d4 cxd4 4. Nxd4 g6 5. Nc3 Bg7 6. Be3 Nf6 7. Bc4 O-O 8. Bb3 Re8 9. O-O d6 10. h3 Na5 11. Kh1 Nxb3 12. axb3 b6 13. Ndb5 Bb7 14. e5 Qd7 15. Kh2 Nd5 16. Nxd5 Qxb5 17. c4 Qc6 18. exd6 e6 19. d7 exd5 20. dxe8=Q+ Rxe8 21. cxd5 Qd6+ 22. Kg1 Bxd5 23. Qd2 Qc6 24. f3 a5 25. Rac1 Qb5 26. Rfe1 Bf8 27. Bd4 Be6 28. Qe2 Qxe2 29. Rxe2 Rb8 30. Rc6 b5 31. Rb6 Rd8 32. Bf2 Bxb3 33. Re1 Bc4 34. b3 Bxb3 35. Rxb5 a4 36. Bb6 Ra8 37. Bd4 Be6 38. Reb1 a3 39. Kf2 a2 40. Rc1 Bh6 41. Ra1 Rc8 1/2-1/2

[Event "GER-chW 2019"]
[Site "Magdeburg"]
[Date "2019.05.29"]
[Round "5.9"]
[White "Ries, Jutta"]
[Black "Freter, Anke"]
[Result "1-0"]
[ECO "A03"]
[WhiteElo "2017"]
[BlackElo "1873"]
[Annotator "NA"]
[PlyCount "135"]
[EventDate "2019.05.26"]
[EventType "tourn"]
[EventCountry "GER"]
[SourceTitle "playchess.com"]
[Source "ChessBase"]
[SourceQuality "1"]
[TimeControl "40/5400+30:1800+30"]

1. f4 d5 2. Nf3 g6 3. e3 Bg7 4. c4 Nf6 5. Nc3 O-O 6. cxd5 {[%emt 0:03:04] A03: Bird's Opening with 1...d5} (6. d4 Bg4 7. Qb3 Bxf3 8. gxf3 c5 9. Qxb7 Nbd7 10. Nxd5 cxd4 11. e4 Nxd5 12. cxd5 Nc5 13. Qb5 Qc7 14. Qc4 {1-0 (46) Skoberne,J (2553)-Vaibhav,S (2542) chess.com INT 2018}) 6... Nxd5 7. Bc4 c6 8. O-O b6 $146 ({Predecessor:} 8... Be6 9. Be2 Bg4 10. Qb3 Nb6 11. h3 Be6 {0-1 (30) Levkovich,V (1813)-Kochnev,V (2098) Gorodets 2012}) 9. Ne5 e6 10. d4 Bb7 11. a4 Nd7 12. a5 Nxc3 13. bxc3 Nxe5 14. fxe5 Qc7 15. Qe2 c5 16. Ba3 Rfd8 17. Rf2 Rac8 18. Bd3 cxd4 19. cxd4 Qc3 20. Bb2 Qb4 21. axb6 Qxb6 22. Raf1 Rd7 23. Bb5 Bc6 24. Bxc6 Rxc6 25. Ba3 Rc3 26. Bb2 Rb3 27. Bc1 a5 28. Qa2 Qb5 29. Rb2 a4 30. Rff2 Rb7 31. Rxb3 $1 Qxb3 32. Qxb3 Rxb3 33. Rb2 Rxb2 34. Bxb2 Bf8 35. Kf1 {[%emt 0:00:11] [#]} g5 (35... f6 $1 $17 36. exf6 Kf7) 36. g4 Kg7 37. Ke2 a3 38. Bc3 f6 39. exf6+ Kxf6 40. Kd3 Bd6 41. h3 Ke7 42. Kc4 Kd7 43. e4 Bf4 44. Kb3 Bd6 45. Bd2 Be7 46. Bc1 Kc6 47. Bxa3 Bf6 48. Kc4 Kd7 49. Bf8 Ke8 50. Bd6 Kd7 51. e5 Bh8 (51... Bd8 $142 52. Kb5 Ke8) 52. Bf8 Ke8 53. Bh6 Kf7 54. Bxg5 Bg7 55. Bf4 (55. h4 $142 Bf8 56. d5 exd5+ 57. Kxd5) 55... Ke7 56. d5 exd5+ 57. Kxd5 Ke8 58. Ke6 Bf8 59. Bg5 Bb4 60. Bf6 Bc5 61. Bg5 $2 (61. h4 {mates} Kf8 62. g5 Ke8 63. h5 Kf8 64. Kd7 h6 65. gxh6 Kg8 66. Bg5) 61... Bb4 62. Bh6 (62. Kf5 $142 Kd7 63. h4 Bc5 64. e6+ Ke8 65. Bf6 h6 66. g5 hxg5 67. h5) 62... Be7 63. g5 Bb4 64. h4 Be1 65. h5 Bd2 66. Kf6 Bc3 67. g6 hxg6 68. hxg6 1-0

[Event "GER-chW 2019"]
[Site "Magdeburg"]
[Date "2019.05.29"]
[Round "5.10"]
[White "Ley, Sabrina"]
[Black "Bashylina, Luisa"]
[Result "1/2-1/2"]
[ECO "E83"]
[WhiteElo "1870"]
[BlackElo "1812"]
[Annotator "NA"]
[PlyCount "40"]
[EventDate "2019.05.26"]
[EventType "tourn"]
[EventCountry "GER"]
[SourceTitle "playchess.com"]
[Source "ChessBase"]
[SourceQuality "1"]
[TimeControl "40/5400+30:1800+30"]

1. d4 Nf6 2. c4 g6 3. f3 Bg7 4. e4 d6 5. Nc3 O-O 6. Be3 Nc6 7. Qd2 a6 8. O-O-O Rb8 9. g4 e5 10. d5 Nd4 11. h4 Bd7 12. h5 c5 13. Bh6 Qe7 14. Bxg7 Kxg7 15. Qe3 Ne8 16. Nh3 f6 17. hxg6 hxg6 18. Rd2 Nc7 19. Rdh2 Rh8 20. Nf2 g5 1/2-1/2

[Event "GER-chW 2019"]
[Site "Magdeburg"]
[Date "2019.05.30"]
[Round "6.1"]
[White "Mehling, Katharina"]
[Black "Schulze, Lara"]
[Result "0-1"]
[ECO "B68"]
[WhiteElo "1974"]
[BlackElo "2160"]
[Annotator "ChessBase"]
[PlyCount "64"]
[EventDate "2019.05.26"]
[EventType "tourn"]
[EventCountry "GER"]
[SourceTitle "playchess.com"]
[Source "ChessBase"]
[SourceQuality "1"]
[TimeControl "40/5400+30:1800+30"]

1. e4 c5 2. Nf3 d6 3. d4 cxd4 4. Nxd4 Nf6 5. Nc3 Nc6 6. Bg5 e6 7. Qd2 a6 8. O-O-O Bd7 9. f4 Be7 10. Bxf6 Bxf6 11. Nb3 Be7 12. Kb1 b5 13. a3 b4 14. axb4 Nxb4 15. Nd5 exd5 16. Qxb4 a5 17. Qe1 dxe4 18. Qxe4 O-O 19. Nd4 Bf6 20. Bb5 Rb8 21. c4 Bxd4 22. Qxd4 Bxb5 23. cxb5 Rxb5 24. Qxd6 Qa8 25. Rhe1 a4 26. Re3 Rb3 27. Rdd3 Rfb8 28. Re2 h6 29. Ka2 Qb7 30. Rdd2 a3 31. bxa3 Rxa3+ 32. Qxa3 Qb1# 0-1

[Event "GER-chW 2019"]
[Site "Magdeburg"]
[Date "2019.05.30"]
[Round "6.2"]
[White "Michna, Marta"]
[Black "Von Herman, Brigitte"]
[Result "1/2-1/2"]
[ECO "A01"]
[WhiteElo "2355"]
[BlackElo "2064"]
[Annotator "ChessBase"]
[PlyCount "64"]
[EventDate "2019.05.26"]
[EventType "tourn"]
[EventCountry "GER"]
[SourceTitle "playchess.com"]
[Source "ChessBase"]
[SourceQuality "1"]
[TimeControl "40/5400+30:1800+30"]

1. b3 e5 2. Bb2 d6 3. e3 Nf6 4. Ne2 Be7 5. g3 c6 6. d3 O-O 7. Nd2 a5 8. a3 Re8 9. Bg2 Nbd7 10. O-O d5 11. h3 b5 12. g4 h6 13. Ng3 Bc5 14. Nf3 Bb6 15. Nf5 Bc7 16. N3h4 Nf8 17. f4 Ng6 18. fxe5 Nxh4 19. exf6 Bxf5 20. gxf5 Qd6 21. Rf4 Rxe3 22. Rxh4 Rae8 23. Rg4 Re2 24. Kf1 Bb6 25. Qxe2 Rxe2 26. Kxe2 Qc5 27. Rxg7+ Kf8 28. Kd1 Qg1+ 29. Ke2 Qe3+ 30. Kd1 Qg1+ 31. Ke2 Qe3+ 32. Kd1 Qg1+ 1/2-1/2

[Event "GER-chW 2019"]
[Site "Magdeburg"]
[Date "2019.05.30"]
[Round "6.3"]
[White "Kunze, Kerstin"]
[Black "Liu, Sijia Anna"]
[Result "1-0"]
[ECO "A01"]
[WhiteElo "2066"]
[BlackElo "1689"]
[Annotator "NA"]
[PlyCount "97"]
[EventDate "2019.05.26"]
[EventType "tourn"]
[EventCountry "GER"]
[SourceTitle "playchess.com"]
[Source "ChessBase"]
[SourceQuality "1"]
[TimeControl "40/5400+30:1800+30"]

1. b3 Nf6 2. Bb2 c5 3. e3 Nc6 4. f4 d5 5. Nf3 g6 6. Bb5 {[%emt 0:05:51] A03: Bird's Opening with 1...d5} Bd7 7. Bxc6 (7. Nc3 a6 8. Bxc6 Bxc6 9. Ne5 Rc8 10. O-O Bg7 11. Ne2 O-O 12. Ng3 Nd7 13. Qg4 f5 {0-1 (36) Lagarde,M (2604)-Skoberne,J (2582) chess.com INT 2019}) 7... Bxc6 8. Ne5 Bg7 9. O-O O-O 10. Nxc6 bxc6 11. d3 Qb6 12. Qe2 $146 ({Predecessor:} 12. c4 Rfd8 {1-0 (54) Waldmann,C-Kunze,N Kiel 2001}) 12... a5 13. Be5 Rfe8 14. Nc3 Bh6 15. Na4 Qa7 16. g4 Nd7 17. Bb2 f6 18. e4 c4+ 19. Kh1 cxb3 20. axb3 d4 21. Qf2 e5 22. fxe5 fxe5 23. Qf7+ Kh8 24. Ba3 Bg7 25. Rf3 Nf8 26. Qxa7 Rxa7 27. Nc5 Ne6 28. Nxe6 Rxe6 29. Bb4 c5 30. Bxc5 Raa6 31. b4 axb4 32. Rxa6 Rxa6 33. Bxb4 Rc6 34. Rf2 Bh6 35. Kg2 Bf4 36. h3 Kg7 37. Re2 Kf6 38. Kf3 g5 39. Bd2 Rxc2 $2 (39... Ra6 $11) 40. Bxf4 {[%emt 0:00:06] Discovered Attack} Rxe2 41. Bxe5+ Kxe5 42. Kxe2 Kf4 43. Kd2 Ke5 44. Kc2 Kd6 45. Kb3 Kc5 46. Ka4 Kc6 47. Kb4 Kd6 48. Kc4 Ke5 49. Kc5 {[%emt 0:00:00] Kd5+} 1-0

[Event "GER-chW 2019"]
[Site "Magdeburg"]
[Date "2019.05.30"]
[Round "6.4"]
[White "Schmidt, Jade"]
[Black "Koehler, Inken"]
[Result "0-1"]
[ECO "D30"]
[WhiteElo "2062"]
[BlackElo "1979"]
[Annotator "NA"]
[PlyCount "88"]
[EventDate "2019.05.26"]
[EventType "tourn"]
[EventCountry "GER"]
[SourceTitle "playchess.com"]
[Source "ChessBase"]
[SourceQuality "1"]
[TimeControl "40/5400+30:1800+30"]

1. d4 d5 2. c4 e6 3. cxd5 exd5 4. Nc3 c6 5. Bf4 Bd6 6. Bg3 Ne7 7. e3 {[%emt 0:02:05] D31: Queen's Gambit Declined: Semi-Slav without ...Nf6 (+ Marshall Gambit and Noteboom) and Exchange Variation lines without ...Nf6} Bf5 (7... Nf5 8. Bxd6 Nxd6 9. Bd3 Bf5 10. Bxf5 Nxf5 11. Qg4 g6 12. e4 dxe4 13. Qxe4+ Ne7 14. h4 O-O {½-½ (43) Andreikin,D (2736)-Harikrishna,P (2766) Wijk aan Zee 2017}) 8. Nf3 O-O 9. Nh4 Be4 10. f3 $146 ({Predecessor:} 10. Be2 Bxg3 11. hxg3 Nd7 12. f3 Bg6 13. Qb3 Qc7 14. O-O-O Rfe8 {½-½ (67) Pascoal,J (2130)-Pawlowski,W (2133) ICCF email 2011}) 10... Nf5 (10... Bf5 $1 $11 {remains equal.}) 11. Bf2 (11. fxe4 $16 Nxh4 12. exd5) 11... Nxh4 12. fxe4 dxe4 13. Qg4 Ng6 14. Qxe4 Nd7 15. Bd3 Nf6 16. Qf3 Bb4 17. O-O Qe7 18. e4 Rad8 19. a3 Ba5 20. b4 ({Better is} 20. Rad1 $16) 20... Bb6 21. e5 Nd5 22. Nxd5 Rxd5 23. Bc4 Rxd4 24. Qc3 Re4 25. Bxb6 axb6 26. e6 fxe6 27. Rxf8+ Qxf8 28. Qd3 Qf4 29. Qd8+ Qf8 30. Qd3 Re5 31. Rf1 Qe7 32. Qb3 b5 33. Bd3 Re3 34. Qc2 Qe8 35. Bxg6 hxg6 36. Qc1 Re5 37. Qc3 Rf5 38. Rd1 Qe7 $19 39. Qg3 Kf7 40. Qb8 g5 41. Qh8 Qe8 42. Qh3 Qb8 43. Qh5+ Kf6 44. Rd7 Qa7+ 0-1

[Event "GER-chW 2019"]
[Site "Magdeburg"]
[Date "2019.05.30"]
[Round "6.5"]
[White "Erofeev, Anastasia"]
[Black "Perez Celis, Alba"]
[Result "1-0"]
[ECO "E68"]
[WhiteElo "2003"]
[BlackElo "1822"]
[Annotator "NA"]
[PlyCount "85"]
[EventDate "2019.05.26"]
[EventType "tourn"]
[EventCountry "GER"]
[SourceTitle "playchess.com"]
[Source "ChessBase"]
[SourceQuality "1"]
[TimeControl "40/5400+30:1800+30"]

1. d4 Nf6 2. c4 g6 3. g3 Bg7 4. Bg2 O-O 5. Nc3 d6 6. Nf3 Nbd7 7. O-O e5 8. e4 exd4 9. Nxd4 Re8 10. h3 a6 11. Re1 Ne5 {[%emt 0:00:15] E68: King's Indian: Fianchetto: 6...Nbd7 7 0-0 e5 8 e4} (11... Rb8 12. Bf4 Ne5 13. Qb3 Nd3 14. Nc6 bxc6 15. Qxb8 Nxf4 16. gxf4 Nh5 17. e5 d5 18. Ne2 Qh4 19. Qxc7 Bxh3 20. Qxc6 {½-½ (41) Mareco,S (2635)-Adhiban,B (2666) Doha 2016}) 12. Qe2 c5 13. Nc2 {[%emt 0:00:57] [#]} Be6 $146 ({Predecessor:} 13... Bd7 14. Rd1 Qc7 15. f4 Nc6 16. Be3 Rad8 17. Kh2 Qb8 18. Rab1 {½-½ (88) Zatonskih,A (2489)-Ju,W (2501) Khanty-Mansiysk 2012}) 14. b3 Nh5 15. Bb2 Rb8 16. Ne3 Nc6 17. Nc2 (17. Rad1 $11) 17... Nd4 18. Nxd4 Bxd4 19. Qf3 Qg5 20. Kh2 Qd2 (20... b5 $15 21. cxb5 axb5) 21. Re2 Qg5 22. Rae1 Be5 23. Nd1 b5 24. Bxe5 Qxe5 25. Ne3 bxc4 26. Nxc4 Bxc4 27. bxc4 Rb4 28. Qd3 Reb8 $11 29. Rc2 Rb2 30. Ree2 Rb1 31. Qc3 Qxc3 32. Rxc3 R8b2 33. Rcc2 Rxc2 34. Rxc2 Ng7 35. Rd2 Rb6 36. e5 dxe5 37. Rd8+ Ne8 38. Rxe8+ Kg7 39. Rxe5 Rb2 40. a4 Rxf2 41. Rxc5 Ra2 42. Ra5 Rc2 43. c5 1-0